Cogmind - Beta 12 @@@ ROGUE MODE // 2023.06.12 @ 02:10:45 Player: Bil Tuesday Result: Destroyed by L-31 Rogue with Katana Performance ------------- Evolutions (1) 500 Regions Visited (3) 600 Robots Destroyed (59) 295 Value Destroyed (1648) 1648 Prototype IDs (2) 40 Alien Tech Used (0) 0 Bonus (0) 0 TOTAL SCORE: 3083 Bonus ------- None Cogmind --------- Core Integrity 0/400 Matter 198/300 Energy 240/240 System Corruption 1% Temperature Danger (429) Movement Walking (750) Ox9 Location -9/Storage Parts ------- > --- POWER (1) -------- Nuclear Core > --- PROPULSION (2) --- Aluminum Leg (fused) > --- UTILITY (4) ------ Huge Storage Unit Machine Analyzer Visual Processing Unit Hacking Suite > --- WEAPON (2) ------- Particle Gun Katana > --- INVENTORY (25) --- Ion Engine Aluminum Leg Aluminum Leg Aluminum Leg Large Storage Unit Signal Interpreter Recoil Stabilizer Particle Charger Light Armor Plating EM Pulse Gun Small Laser Beam Rifle Improved Medium Laser Heavy Assault Rifle Grenade Launcher Mini Grenade Launcher Plasma Cutter Peak State ------------ > --- POWER ------------ Nuclear Core > --- PROPULSION ------- Aluminum Leg Aluminum Leg > --- UTILITY ---------- Huge Storage Unit Machine Analyzer Visual Processing Unit Hacking Suite > --- WEAPON ----------- Autogun Autogun > --- INVENTORY -------- Ion Engine Aluminum Leg Aluminum Leg Aluminum Leg Large Storage Unit Signal Interpreter Recoil Stabilizer Particle Charger Light Armor Plating EM Pulse Gun Small Laser Beam Rifle Particle Gun Improved Medium Laser Heavy Assault Rifle Grenade Launcher Mini Grenade Launcher Plasma Cutter Katana [Rating: 21] Favorites ----------- Power Nuclear Core Engine Ion Engine Power Core Nuclear Core Propulsion Aluminum Leg Leg Aluminum Leg Utility Visual Processing Unit Device Improved Terrain Scanner Storage Huge Storage Unit Processor Visual Processing Unit Hackware Hacking Suite Protection Light Armor Plating Weapon Autogun Energy Gun Particle Gun Ballistic Gun Autogun Launcher Mini Grenade Launcher Special Weapon Mining Laser Slashing Weapon Katana Build | -11 -10 -9 -9 ------- Run | Jun Mat Mat Sto Slots Evolved 2 | . . 2 . Power . | . . . . Propulsion . | . . . . Utility 2 | . . 2 . Weapon . | . . . . Parts Attached 60 | 12 8 37 3 Power 10 | 1 2 7 . Engine 6 | 1 2 3 . Core 4 | . . 4 . Reactor . | . . . . Propulsion 15 | 2 4 9 . Treads . | . . . . Leg 15 | 2 4 9 . Wheel . | . . . . Hover . | . . . . Flight . | . . . . Utility 16 | 2 . 14 . Device 4 | 1 . 3 . Storage 5 | 1 . 4 . Processor 4 | . . 4 . Hackware 1 | . . 1 . Protection 2 | . . 2 . Artifact . | . . . . Weapon 19 | 7 2 7 3 Energy Gun 3 | . . 1 2 Energy Cannon . | . . . . Ballistic Gun 12 | 5 2 5 . Ballistic Cannon . | . . . . Launcher 1 | . . 1 . Special Weapon 2 | 2 . . . Impact Weapon . | . . . . Slashing Weapon 1 | . . . 1 Piercing Weapon . | . . . . Special Melee Weapon . | . . . . Unidentified Prototypes . | . . . . Parts Lost 13 | . 1 9 3 Power 2 | . 1 1 . Propulsion 3 | . . 2 1 Utility 3 | . . 3 . Weapon 5 | . . 3 2 Highest Loss Streak 5 | . 1 5 3 To Critical Strikes . | . . . . Average Slot Usage (%) 98 | . 97 98 96 Engine 3 | . 12 1 . Core 7 | . . 9 11 Leg 22 | . 28 21 20 Device 3 | . 14 2 . Storage 11 | . 14 11 11 Processor 20 | . . 24 22 Hackware 1 | . . 1 11 Protection 3 | . . 4 . Ballistic Gun 21 | . 28 20 13 Naked Turns . | . . . . Heaviest Build 96 | 15 15 96 93 Greatest Support 20 | 20 20 20 20 Greatest Overweight (x) 4 | 1 . 4 4 Average Overweight (x) 1 | . . 1 4 Largest Inventory Capacity 25 | 8 8 25 25 Average Capacity 16 | 7 8 18 25 Most Carried 20 | 7 8 20 19 Average Carried 13 | 5 7 15 18 Final Capacity 25 | 8 8 25 25 Final Carried 19 | 7 8 19 17 Class Distribution -------------------- 74% | Scavenger-Mutant 25% | Mutant Dominant Class ---------------- Mutant | -10/Materials Scavenger-Mutant | -9/Materials Scavenger-Mutant | -9/Storage Resources | -11 -10 -9 -9 ----------- Run | Jun Mat Mat Sto Matter Collected 1758 | 363 319 1076 . Remotely . | . . . . Salvage Created 2165 | 113 409 1393 250 Parts 154 | 10 26 102 16 Haulers Intercepted . | . . . . Recyclers Shooed 2 | . 1 1 . Parts Field Recycled . | . . . . Retrieved Matter . | . . . . Parts Self-Destructed . | . . . . Prevented . | . . . . Kills | -11 -10 -9 -9 ------- Run | Jun Mat Mat Sto Combat Hostiles Destroyed 42 | . 8 30 4 Guns 42 | . 8 30 4 Classes Destroyed 11 | 2 4 5 . Worker 1 | . . 1 . Builder 1 | . 1 . . Tunneler 4 | 3 . 1 . Recycler 2 | 1 1 . . Mechanic 1 | . . 1 . Operator 1 | . . 1 . Watcher 7 | . 1 5 1 Swarmer 6 | . 2 4 . Grunt 26 | . 6 20 . Brawler 2 | . . 1 1 Sentry 8 | . . 5 3 Best Kill Streak 6 | 2 2 6 3 Combat Bots Only 4 | . 2 4 3 Max Kills in Single Turn 2 | 1 1 2 1 Gunslinging 1 | . . 1 . Exploded . | . . . . Melee . | . . . . Uniques/NPCs Destroyed . | . . . . Combat | -11 -10 -9 -9 -------- Run | Jun Mat Mat Sto Damage Taken 2674 | . 573 1651 450 Core 499 | . 81 298 120 Absorbed by Shields 220 | . . 220 . Redirected to Shielding 40 | . . 40 . Regen/Repaired (Parts) 88 | . . 88 . Core Remaining (%) 83 | 100 67 . . Volleys Fired 226 | 23 41 133 29 Largest 2 | 2 2 2 2 Hottest 200 | 200 40 88 121 Shots Fired 427 | 46 82 259 40 Gun 405 | 24 82 259 40 Cannon . | . . . . Launcher . | . . . . Special 22 | 22 . . . Kinetic 366 | 24 82 242 18 Thermal 61 | 22 . 17 22 Explosive . | . . . . Electromagnetic . | . . . . Robot Hit Streak 15 | 6 12 12 15 Robot Miss Streak 4 | 2 4 3 2 Penetration Max . | . . . . Secondary Targets 7 | . 1 5 1 Max Gunslinging Chain 1 | . 1 1 1 Shots Hit Robots 270 | 15 52 171 32 Core Hits 102 | 5 19 68 10 Critical Kills 1 | . 1 . . Critical Parts Destroyed 2 | . 2 . . Critical Strikes 4 | . 3 1 . Burn 1 | . . 1 . Destroy 3 | . 3 . . Melee Attacks . | . . . . Impact . | . . . . Slashing . | . . . . Piercing . | . . . . Sneak Attacks . | . . . . Combat Hostiles . | . . . . Follow-up Attacks . | . . . . Damage Inflicted 3597 | 192 591 2335 479 Guns 3597 | 192 591 2335 479 Cannons . | . . . . Explosions . | . . . . Melee . | . . . . Ramming . | . . . . Kinetic 3167 | 192 591 2140 244 Thermal 430 | . . 195 235 Explosive . | . . . . Electromagnetic . | . . . . Impact . | . . . . Slashing . | . . . . Piercing . | . . . . Highest Corruption 2 | . 2 1 1 Average Corruption 1 | . 1 1 1 Corruption Purged . | . . . . Corruption Blocked . | . . . . Effects 20 | . 2 18 . Message Errors 5 | . . 5 . Matter Fused 5 | . 1 4 . Heat Flow Errors 3 | . 1 2 . Energy Discharges 3 | . . 3 . Parts Fused 1 | . . 1 . Data Loss (minor) 1 | . . 1 . Misfires 2 | . . 2 . Overload Shots . | . . . . Overflow Damage . | . . . . Projectiles . | . . . . Explosions . | . . . . Melee . | . . . . Knockbacks . | . . . . Impact . | . . . . Kinetic . | . . . . Secondary . | . . . . Self-Inflicted Damage . | . . . . Shots . | . . . . Rammed . | . . . . Targets Rammed . | . . . . Kicked . | . . . . Crushed . | . . . . Highest Temperature 429 | 210 129 219 429 Average Temperature 64 | 94 23 34 161 Received Heat Transfer 1080 | . 303 669 108 Effects 1 | . . . 1 Shutdowns 1 | . . . 1 Siege Activations . | . . . . Robots Corrupted . | . . . . Combat Hostiles . | . . . . Parts Fried . | . . . . Impact Corruptions . | . . . . Robots Melted . | . . . . Combat Hostiles . | . . . . Parts Melted 4 | . . 2 2 Heat Transferred 1147 | . . 555 592 Parts Sabotaged . | . . . . Parts Stolen . | . . . . Parts Stripped . | . . . . Power Chain Reactions . | . . . . Missiles Intercepted . | . . . . Alert | -11 -10 -9 -9 ------- Run | Jun Mat Mat Sto Peak Influence 380 | 20 180 380 202 Initial 90 | . 13 35 90 Average 204 | 14 76 247 128 Maximum Alert Level 1 | . . 1 1 Low Security (%) 39 | 100 100 21 91 Level 1 60 | . . 78 8 Level 2 . | . . . . Level 3 . | . . . . Level 4 . | . . . . Level 5 . | . . . . High Security . | . . . . Max Security . | . . . . Squads Dispatched 11 | . 3 7 1 Investigation 4 | . 2 2 . Extermination . | . . . . Reinforcement 6 | . 1 5 . Assault . | . . . . Garrison 1 | . . . 1 Intercept . | . . . . Searches Triggered . | . . . . Construction Impeded 1 | . . 1 . Haulers Reinforced . | . . . . Active Scanning Responses . | . . . . Cargo Convoy Interrupts . | . . . . Stealth | -11 -10 -9 -9 --------- Run | Jun Mat Mat Sto Distress Signals 5 | . . 4 1 Communications Jammed . | . . . . Distress Signals . | . . . . Times Spotted 61 | . 13 42 6 Peak Tracking Total 5 | . 3 5 3 Tactical Retreats 2 | . 1 1 . Traps | -11 -10 -9 -9 ------- Run | Jun Mat Mat Sto Traps Triggered 1 | . . 1 . Indirectly . | . . . . Trap Hack Attempts . | . . . . Triggered . | . . . . Disarmed . | . . . . Reprogrammed . | . . . . Reused . | . . . . Traps Extracted . | . . . . Installed . | . . . . Triggered . | . . . . Machines | -11 -10 -9 -9 ---------- Run | Jun Mat Mat Sto Machines Disabled 2 | . . 2 . Max in Single Turn 1 | . . 1 . Machines Repaired . | . . . . Machines Sabotaged . | . . . . Overloaded Fab Kills . | . . . . Hacking | -11 -10 -9 -9 --------- Run | Jun Mat Mat Sto Machines Accessed 13 | . 4 9 . Terminals 7 | . 3 4 . Fabricators . | . . . . Repair Stations 2 | . . 2 . Recycling Units 3 | . 1 2 . Scanalyzers 1 | . . 1 . Garrison Access . | . . . . Total Hacks 42 | . 13 29 . Successful 29 | . 6 23 . Failed 13 | . 7 6 . Catastrophic 1 | . . 1 . Database Lockouts . | . . . . Manual . | . . . . Terminals 18 | . 9 9 . Fabricators . | . . . . Repair Stations 8 | . . 8 . Recycling Units 10 | . 4 6 . Scanalyzers 6 | . . 6 . Garrison Access . | . . . . Terminal Hacks 12 | . 5 7 . Record 8 | . 4 4 . Prototype ID Bank 1 | . . 1 . Alert Level 1 | . . 1 . Unreport Threat 1 | . . 1 . Locate Traps 1 | . 1 . . Fabricator Hacks . | . . . . Repair Station Hacks 6 | . . 6 . Scan Component 3 | . . 3 . Repair 3 | . . 3 . Recycling Unit Hacks 6 | . 1 5 . Process 1 | . . 1 . Report Inventory 3 | . 1 2 . Retrieve Matter 1 | . . 1 . Retrieve Components 1 | . . 1 . Scanalyzer 5 | . . 5 . Insert Component 2 | . . 2 . Analyze 3 | . . 3 . Garrison Access Hacks . | . . . . Unauthorized Hacks . | . . . . Terminals . | . . . . Fabricators . | . . . . Repair Stations . | . . . . Recycling Units . | . . . . Scanalyzers . | . . . . Garrison Access . | . . . . Data Cores Recovered . | . . . . Used . | . . . . Hacking Detections 11 | . 4 7 . Full Trace Events 4 | . 2 2 . Feedback Events 3 | . 2 1 . Corruption 3 | . 2 1 . Feedback Blocked . | . . . . Robot Schematics Acquired . | . . . . Robots Built . | . . . . Authchips . | . . . . Time . | . . . . Total Robot Build Rating . | . . . . Part Schematics Acquired 2 | . . 2 . Parts Built . | . . . . Authchips . | . . . . Time . | . . . . Total Part Build Rating . | . . . . Parts Repaired 3 | . . 3 . Time 80 | . . 80 . Parts Recycled . | . . . . Recycled Matter 162 | . . 162 . Retrieved Matter . | . . . . Retrieved Components 2 | . . 2 . Parts Scanalyzed 2 | . . 2 . Part Schematics Acquired 2 | . . 2 . Parts Damaged . | . . . . Bothacking | -11 -10 -9 -9 ------------ Run | Jun Mat Mat Sto Used RIF Installer . | . . . . Robots Hacked . | . . . . Non-combat . | . . . . Combat . | . . . . Robot Hacks Applied . | . . . . Relay Couplers Released . | . . . . Fabnet Peak Effective % . | . . . . Robots Rewired . | . . . . Allies Hacked . | . . . . Hacks Repelled . | . . . . Allies | -11 -10 -9 -9 -------- Run | Jun Mat Mat Sto Total Allies . | . . . . Largest Group . | . . . . Highest-Rated Group . | . . . . Highest-Rated Ally . | . . . . Total Orders . | . . . . Ally Attacks . | . . . . Total Damage . | . . . . Kills . | . . . . Allies Corrupted . | . . . . Allies Melted . | . . . . Intel | -11 -10 -9 -9 ------- Run | Jun Mat Mat Sto Robot Analysis Total . | . . . . Derelict Logs Recovered . | . . . . Drone Launches . | . . . . Drone Recoveries . | . . . . Exploration | -11 -10 -9 -9 ------------- Run | Jun Mat Mat Sto Turns Passed 4203 | 291 565 3223 124 Spaces Moved 1594 | 123 345 1112 14 Core 15 | 15 . . . Treads . | . . . . Legs 1579 | 108 345 1112 14 Wheels . | . . . . Hover . | . . . . Flight . | . . . . Fastest Speed 50 | 50 120 120 400 Average Speed 211 | 111 120 248 400 Slowest Speed 400 | 120 120 400 400 Overloaded Moves . | . . . . Propulsion Burnouts . | . . . . Robots Hopped . | . . . . Cave-ins Triggered . | . . . . Exploration Rate (%) 36 | 9 53 75 7 Regions Visited 3 Branch Regions 1 Pre-discovered Areas . | . . . . Known Exits Taken . | . . . . Unknown Exits Taken 3 | 1 1 1 . Scrap Searched . | . . . . Spaces Dug 6 | 6 . . . Terrain Destroyed 8 | 8 . . . Melee . | . . . . Projectile 8 | 8 . . . AOE . | . . . . Terrain Rammed . | . . . . Walls Destroyed . | . . . . Machines Disabled . | . . . . Actions | -11 -10 -9 -9 --------- Run | Jun Mat Mat Sto Total 2015 | 183 421 1365 46 Wait 58 | 13 17 28 . Move 1591 | 122 344 1111 14 Hop . | . . . . Pick Up 46 | 13 3 30 . Fast Attach 11 | 1 1 9 . Attach 14 | 6 . 6 2 Detach . | . . . . Swap 35 | 5 7 22 1 Drop 34 | . 8 26 . Fire 226 | 23 41 133 29 Melee . | . . . . Ram . | . . . . Kick . | . . . . Crush . | . . . . Escape Stasis . | . . . . Rewire . | . . . . Trap . | . . . . Miscellaneous . | . . . . Route ------- -11/Junkyard -10/Materials (discovered 3 exits: *Mat x2 / [*Min]) -9/Materials (discovered 5 exits: [*Mat x3] / [*Min] / [*Sto]) -9/Storage History --------- Turn | Location | Event 12 | -11/Junkyard | Discovered new exit (range 15) 292 | -11/Junkyard | Entered Materials 311 | -10/Materials | Build established: Mutant 569 | -10/Materials | Discovered new exit (range 3) 640 | -10/Materials | Discovered new exit (range 8) 665 | -10/Materials | Discovered new exit (range 11) 857 | -10/Materials | Entered another Materials area 857 | -9/Materials | Evolved 2 slots: Utility x2 1061 | -9/Materials | Repaired Propulsion Shielding 1099 | -9/Materials | Repaired Imp. Terrain Scanner? 1263 | -9/Materials | Discovered new exit (range 17) 1391 | -9/Materials | Build established: Scavenger-Mutant 1541 | -9/Materials | Core integrity fell below 50% 1592 | -9/Materials | Lost 5 parts (1p1n1u2w) 1667 | -9/Materials | Repaired Particle Gun 2430 | -9/Materials | Discovered new exit (range 9) 2536 | -9/Materials | Discovered new exit (range 17) 3609 | -9/Materials | Discovered new exit (range 13) 3982 | -9/Materials | Discovered new exit (range 4) 4080 | -9/Materials | Entered Storage 4130 | -9/Storage | Garrison activated, responded to threat 4154 | -9/Storage | Core integrity fell below 20% 4204 | -9/Storage | Destroyed by L-31 Rogue with Katana Last Messages --------------- 04038_ Acquired Corrupted Lrg. Storage Unit. 04039_ Dropped Corrupted Lrg. Storage Unit. 04079_ U-05 Engineer repairs door. LOCATION=UNKNOWN GOAL=ESCAPE 04121_ W-16 Scout sends out distress signal. 04127_ W-16 Scout destroyed. 04127_ Switching to secondary target: Y-45 Defender. 04130_ Y-45 Defender calls for garrison reinforcements. 04130_ ALERT: Activating Garrison Access S001. 04135_ Y-45 Defender destroyed. 04150_ Autogun destroyed. 04169_ Heat Sink melted. 04169_ Y-45 Defender destroyed. 04182_ Critical hit (Burn: +37). 04182_ Aluminum Leg destroyed. 04183_ Beam Rifle melted. 04183_ Y-45 Defender destroyed. 04193_ B-36 Bruiser destroyed. 04204_ Power failure, Nuclear Core shutdown. Map ----- +----------------------------------------------------+ | | | | | | | | | | | | | | | | | | | | | | | | | | | | | | | | | | | | | | | ?????????????????????????????????????????????? | | ?????????????????????????????????????????????? | | ?????????##??????????????????????????????????? | | ?????????# #####################?????????? | | ?????????# = ^ #?????????? | | ?????????# [%! [^= /%=!= #?????????? | | ?????????# = !%%!! *!l@ #?????????? | | ????????????????#############+######?????????? | | ????????????????????????# #??????????? | | ????????????????????????# #??????????? | | ????????????????????????# #??????????? | | ????????????????????????# """ """ #??????????? | | ????????????????"""?"""?# """ """ #??????????? | | ????????????????"""?"""?# """ """ #??????????? | | ????????????????"""?"""?# #??????????? | | ????????????????????????# #??????????? | | ????????????????????????###########??????????? | | ?????????????????????????????????????????????? | | ?????????????????????????????????????????????? | | ?????????????????????????????????????????????? | | ?????????????????????????????????????????????? | | ?????????????????????????????????????????????? | | ?????????????????????????????????????????????? | | ?????????????????????????????????????????????? | | ?????????????????????????????????????????????? | | ?????????????????????????????????????????????? | | ?????????????????????????????????????????????? | | ?????????????????????????????????????????????? | | ?????????????????????????????????????????????? | | ?????????????????????????????????????????????? | | ?????????????????????????????????????????????? | +----------------------------------------------------+ Best States ------------- Heat Dissipation 28 Energy Generation 14 Energy Capacity 250 Matter Stores 300 Matter Capacity 300 Sight Range 18 Terrain Scan Range 16 Terrain Scan Density 10 Armor Coverage 150 Propulsion Shielding 33 Evasion (%) 55 Targeting Accuracy 5 Offensive Hacking 10 Item Schematics ----------------- Lgt. Armor Plating | -9/Materials | Scanalyzed Lrg. Storage Unit | -9/Materials | Scanalyzed Robot Schematics ------------------ None Fabricated ------------ Nothing Alien Tech Used ----------------- None Achievements -------------- None Challenges ------------ None Game ------ Seed UtilityMasterMultirail Manual? 0 Play Time 00:47:36 Cumulative 5.3 hours Start 2023.06.12 @ 01:15:01 End 2023.06.12 @ 02:10:45 Sessions 1 Manual Loads 0 Difficulty Rogue Special Mode None Game No. 5 Rogue 5 Adventurer 0 Explorer 0 Win Type - Total 0 Types 0/0/0/0/0/0/0/0/0 Lore% 3 Gallery% 8 Achievement% 7 Wizard Run 0 Options --------- ASCII 0 Keyboard 0 Movement Mouse Keybinds 0 Fullscreen 0 Font 18/SmallcapsGlow Map View 66x50 Tactical HUD 1 Map Filters NONE Filters NONE Steam 1 RUN: e5f4571b-46fe-412c-b42e-4145a3803293